 Dungeon Crawl Stone Soup version 0.26.1-11-gd32895ea62 (webtiles) character file.

Game seed: 2894659253362500058

36883 Zeld the Carver (level 14, -5/103 HPs)
             Began as a Human Gladiator on June 4, 2021.
             Was an Elder of the Shining One.
             Killed from afar by a necromancer (31 damage)
             ... with a bolt of cold
             ... on level 14 of the Dungeon.
             The game lasted 00:35:10 (36466 turns).

Zeld the Carver (Human Gladiator)                  Turns: 36466, Time: 00:35:10

Health: -5/103     AC: 19    Str: 19    XL:     14   Next: 26%
Magic:  13/21      EV: 15    Int:  9    God:    the Shining One [****..]
Gold:   54         SH:  0    Dex: 15    Spells: 13/13 levels left

rFire    . . .     SeeInvis +   a - +5 long sword
rCold    . . .     Faith    .   (no shield)
rNeg     + + .     Spirit   .   e - +0 swamp dragon scales
rPois    +         Reflect  .   y - +2 helmet {SInv}
rElec    .         Harm     .   g - +2 cloak {rCorr}
rCorr    +         Rampage  .   x - +2 pair of gloves {archery}
Will     +....                  s - +2 pair of boots
Stlth    +.........             (no amulet)
HPRegen  0.27/turn              (no ring)
MPRegen  0.17/turn              (no ring)

@: glowing
A: no striking features
a: Renounce Religion, Divine Shield, Cleansing Flame


You were on level 14 of the Dungeon.
You worshipped the Shining One.
The Shining One was greatly pleased with you.
You visited 2 branches of the dungeon, and saw 15 of its levels.
You also visited: Ossuary and Bailey.

You collected 1109 gold pieces.
You spent 1055 gold pieces at shops.

Inventory:

Hand Weapons
 a - a +5 long sword (weapon)
Missiles
 o - 89 boomerangs
 v - 66 poisoned darts (quivered)
 w - 9 throwing nets
Armour
 e - +0 swamp dragon scales (worn)
 g - a +2 cloak of preservation (worn)
 s - a +2 pair of boots (worn)
 x - a +2 pair of gloves of archery (worn)
 y - a +2 helmet of see invisible (worn)
Wands
 c - a wand of acid (17)
 f - a wand of digging (10)
 r - a wand of iceblast (31)
 C - a wand of flame (76)
 E - a wand of paralysis (8)
 F - a wand of polymorph (9)
Scrolls
 h - 9 scrolls of remove curse
 i - 5 scrolls of magic mapping
 j - 11 scrolls of teleportation
 n - 3 scrolls of amnesia
 p - 2 scrolls of identify
 q - 2 scrolls of fear
 G - a scroll of enchant armour
Potions
 d - 2 potions of magic
 l - 5 potions of brilliance
 m - 11 potions of curing
 t - 3 potions of lignification {unknown}
 u - 2 potions of might {unknown}
 z - a potion of cancellation {unknown}
 A - 5 potions of attraction {unknown}
 B - 3 potions of degeneration {unknown}
 D - 2 potions of mutation {unknown}
Miscellaneous
 b - a phantom mirror (inert)
 k - a lightning rod (4/4)


   Skills:
 + Level 7.0 Fighting
 - Level 14.0 Long Blades
 - Level 12.0 Throwing
 + Level 7.4 Dodging
 * Level 10.4 Invocations
 + Level 6.6 Evocations


You had 13 spell levels left.
You didn't know any spells.
Your spell library contained the following spells:

 Spells                   Type           Power        Failure   Level
 Animate Skeleton         Necr           0%           56%         1
 Apportation              Tloc           0%           56%         1
 Corona                   Hex            0%           56%         1
 Summon Small Mammal      Summ           0%           56%         1
 Call Imp                 Summ           0%           71%         2
 Call Canine Familiar     Summ           0%           91%         3
 Summon Guardian Golem    Hex/Summ       0%           91%         3
 Summon Ice Beast         Ice/Summ       0%           100%        4
 Summon Lightning Spire   Summ/Air       0%           100%        4
 Silence                  Hex/Air        0%           100%        5
 Conjure Ball Lightning   Conj/Air       0%           100%        6
 Tornado                  Air            0%           100%        9


Dungeon Overview and Level Annotations

Branches:
Dungeon (14/15)            Temple (1/1) D:5            Lair (0/6) D:10
    Orc (0/2) D:9          Vaults (0/5) D:14        Ossuary (visited)
 Bailey (visited)

Altars:
Ashenzari
Cheibriados
Dithmenos
Elyvilon
Fedhas
Gozag
Hepliaklqana
Kikubaaqudgha
Makhleb
Nemelex Xobeh
Okawaru
Qazlal
Ru
Sif Muna
Trog
Uskayaw
Vehumet
Wu Jian
Xom
Yredelemnul
Zin
The Shining One
Beogh

Shops:
D:4 :*[   D:7 (}[

Annotations:
D:13 1 runed translucent door, vvl's ghost, journeyman DsMo


Message History

You hit the necromancer.
The necromancer is lightly wounded.
The necromancer gestures at you while chanting.
Your body is wracked with pain!
Unknown command.
You are too injured to fight recklessly!
Unknown command.
The vault guard misses your angel.
The vault guard hits your angel with a +0 battleaxe!
Your angel closely misses the vault guard.
Your angel hits the vault guard but does no damage.
The necromancer casts a spell at you.
Your body is wracked with pain!
* * * LOW HITPOINT WARNING * * *
Your angel hits the vault guard with a +2 whip of holy wrath!
Your angel hits the vault guard with a +2 whip of holy wrath.
The vault guard hits your angel but does no damage.
The necromancer points at you and mumbles some strange words.
The bolt of cold hits you!!
You die...

#.# ############ #.# #<....(.....
#.# #........... #.#
#############........... #.#
#.....B.................
#.###.#############.........
#####.....#[....#...?(#..#......
#........[#.....'.....#..'......
#.........#..⌠.@'..⌠..#..#......
#.........#.....'.....#..#......
#.....>...#...Ap#.....#..#......
#.........##ppp###'''##..#......
#.........#.pp..#.....#..#......
#.........#...p.#.....'..#......
##.........#..∩..#..⌠..'..#......
...........#(...?#[....'.)#......
.....#####.#()./(#.....#)##......


You could see 3 vault guards, a necromancer, 3 humans and a friendly angel
(summoned).

Vanquished Creatures
  2 boulder beetles (D:12)
  A hydra (D:12)
  4 two-headed ogres
  3 necromancers
  A wizard (D:14)
  2 orc knights (Bailey)
  2 ugly things (D:11)
  A cyclops (D:13)
  A gargoyle (D:12)
  5 centaur skeletons
  Maggie (D:9)
  A freezing wraith (D:14)
  A komodo dragon (D:11)
  A meliai (shapeshifter) (D:14)
  5 trolls
  A hornet (D:14)
  Grinder (D:4)
  8 slime creatures
  Prince Ribbit (D:5)
  A meliai zombie (D:13)
  Sigmund (D:6)
  2 shadows
  2 vampires (D:11)
  Eustachio (D:4)
  14 humans (D:14)
  A wyvern (D:11)
  30 yaks
  2 basilisks
  Grum (D:8)
  4 vampire mosquitoes (D:14)
  2 acid dragons
  15 orc warriors
  An eye of draining (D:11)
  4 ice beasts
  5 phantoms
  A necrophage (D:12)
  A centaur (D:12)
  A wolf (D:7)
  8 ogres
  A big kobold (D:14)
  2 elf zombies (Ossuary)
  9 bullfrogs
  A gnoll sergeant (D:8)
  A wyvern skeleton (D:14)
  4 scorpions
  5 killer bees (D:10)
  5 wights (D:13)
  3 howler monkeys
  2 electric eels (D:7)
  2 bullfrog zombies
  3 centaur zombies
  A gnoll shaman (D:8)
  6 jellies
  6 hounds
  3 bullfrog skeletons
  14 orc priests
  3 human zombies (Ossuary)
  12 worker ants
  Natasha (thrice) (D:2)
  4 iguanas
  14 orc wizards
  2 polar bear simulacra (D:13)
  3 yak simulacra (D:13)
  3 wolf simulacra (D:13)
  A hound zombie (D:9)
  A hound skeleton (D:10)
  2 mummies (Ossuary)
  A worker ant zombie (D:10)
  Robin (D:2)
  15 gnolls
  13 adders
  2 shadow imps (D:7)
  3 white imps
  2 ufetubi
  7 oozes
  An adder skeleton (D:4)
  3 worms
  2 dart slugs (D:3)
  5 leopard geckos
  75 orcs
  3 ball pythons
  6 bats
  3 giant cockroaches
  17 goblins
  10 hobgoblins
  8 jackals
  32 kobolds
  5 quokkas
  A ball python skeleton (D:4)
  4 frilled lizards
  9 hobgoblin zombies (Ossuary)
  A jackal skeleton (D:7)
  2 jackal zombies
  12 kobold zombies (Ossuary)
  6 orc zombies (Ossuary)
  14 rats
  3 rat zombies (Ossuary)
  3 river rat simulacra (D:13)
524 creatures vanquished.

Vanquished Creatures (collateral kills)
  A two-headed ogre (D:8)
  A komodo dragon (D:10)
  A gnoll shaman (D:8)
  A worker ant (D:10)
4 creatures vanquished.

Vanquished Creatures (others)
  14 plants
14 creatures vanquished.

Grand Total: 542 creatures vanquished

Notes
Turn   | Place    | Note
-------+----------+-------------------------------------------
     0 | D:1      | Zeld the Human Gladiator began the quest for the Orb.
     0 | D:1      | Reached XP level 1. HP: 16/16 MP: 1/1
   106 | D:1      | Reached XP level 2. HP: 13/22 MP: 2/2
   583 | D:1      | Reached skill level 4 in Long Blades
   583 | D:1      | Reached XP level 3. HP: 27/27 MP: 3/3
  1037 | D:2      | Noticed Natasha
  1043 | D:2      | Killed Natasha
  1044 | D:2      | Reached XP level 4. HP: 13/33 MP: 4/4
  1332 | D:2      | Found a sparkling altar of Nemelex Xobeh.
  1455 | D:2      | Noticed Natasha
  1523 | D:2      | Killed Natasha
  1524 | D:2      | Reached skill level 5 in Long Blades
  1788 | D:2      | Noticed Natasha
  1833 | D:2      | Found a shadowy altar of Dithmenos.
  1908 | D:2      | Noticed Robin
  1923 | D:2      | Reached XP level 5. HP: 23/38 MP: 5/5
  1930 | D:2      | Killed Robin
  2283 | D:2      | Killed Natasha
  2755 | D:3      | Reached skill level 6 in Long Blades
  2799 | D:3      | Found a burning altar of Makhleb.
  2807 | D:3      | Reached XP level 6. HP: 32/44 MP: 6/6
  3796 | D:3      | Found a broken altar of Ashenzari.
  3797 | D:3      | Found a shimmering blue altar of Sif Muna.
  3833 | D:3      | Noticed an orc warrior
  4726 | D:2      | HP: 2/44 [orc warrior/+0 halberd (19)]
  5386 | D:3      | Reached skill level 7 in Long Blades
  5802 | D:4      | Noticed an ogre
  5808 | D:4      | Killed an ogre
  5809 | D:4      | Reached XP level 7. HP: 41/50 MP: 7/7
  6076 | D:4      | Noticed Eustachio
  6386 | D:4      | Killed Eustachio
  6387 | D:4      | Reached skill level 8 in Long Blades
  6759 | D:4      | Found Syusurar's Armour Boutique.
  6767 | D:4      | Bought a +2 pair of gloves of archery for 215 gold pieces
  6796 | D:4      | Noticed Grinder
  6842 | D:5      | Entered Level 5 of the Dungeon
  8300 | D:5      | Found a glowing golden altar of the Shining One.
  8305 | D:5      | Became a worshipper of the Shining One
  8467 | D:5      | Noticed Prince Ribbit
  8911 | D:4      | Found a snail-covered altar of Cheibriados.
  8952 | D:4      | Paralysed by Grinder for 2 turns
  8955 | D:4      | Killed Grinder
  8956 | D:4      | Reached skill level 9 in Long Blades
  8956 | D:4      | Reached XP level 8. HP: 38/56 MP: 8/8
  9064 | D:4      | Found Caizon's Book Boutique.
  9073 | D:4      | Found Ruiwnikk's General Store.
  9081 | D:4      | Bought a scroll of identify for 26 gold pieces
  9081 | D:4      | Bought a scroll of fear for 45 gold pieces
 10279 | D:2      | Found a sparkling altar of Nemelex Xobeh.
 10324 | D:2      | Found a shadowy altar of Dithmenos.
 11178 | D:5      | Reached skill level 10 in Long Blades
 11383 | D:5      | Found a staircase to the Ecumenical Temple.
 11415 | Temple   | Entered the Ecumenical Temple
 12507 | D:4      | Bought a potion of curing for 39 gold pieces
 12507 | D:4      | Bought a potion of flight for 39 gold pieces
 13506 | D:5      | Killed Prince Ribbit
 13507 | D:5      | Reached XP level 9. HP: 61/61 MP: 9/9
 13585 | D:5      | Found a glowing golden altar of the Shining One.
 13697 | D:5      | Found a staircase to the Ecumenical Temple.
 14316 | D:6      | Reached skill level 11 in Long Blades
 14644 | D:6      | Noticed Sigmund
 14652 | D:6      | Killed Sigmund
 14942 | D:7      | Reached skill level 12 in Long Blades
 14956 | D:7      | Found Niohouc's Antique Armour Emporium.
 14961 | D:7      | Bought a runed helmet for 142 gold pieces
 15005 | D:7      | Found a sand-covered staircase.
 15029 | D:7      | Found Bikky's Gadget Emporium.
 15053 | Ossuary  | Entered an ossuary
 15180 | Ossuary  | Reached * piety under the Shining One
 15224 | Ossuary  | Reached ** piety under the Shining One
 15292 | Ossuary  | Reached *** piety under the Shining One
 15526 | D:7      | Found a transporter.
 15612 | D:7      | Found a transporter.
 15666 | D:7      | Found Pemussewn's Weapon Shop.
 15764 | D:7      | Got a sparkling marble ring
 15945 | D:7      | Reached **** piety under the Shining One
 16371 | D:7      | Found a runed translucent door.
 16394 | D:7      | Noticed a two-headed ogre
 16407 | D:7      | Killed a two-headed ogre
 16408 | D:7      | Reached skill level 13 in Long Blades
 16408 | D:7      | Reached XP level 10. HP: 17/67 MP: 10/10
 17909 | D:6      | Reached skill level 14 in Long Blades
 18049 | D:6      | Identified the ring "Coewoch" {rPois Will- Int+6 Dex+3}
                  | (You found it on level 7 of the Dungeon)
 18361 | D:7      | Found a roughly hewn altar of Beogh.
 19318 | D:8      | Noticed Grum
 19328 | D:8      | Killed Grum
 19589 | D:8      | Found a sacrificial altar of Ru.
 19680 | D:8      | Reached skill level 5 in Throwing
 20197 | D:8      | Noticed a two-headed ogre
 20887 | D:8      | Killed a two-headed ogre
 20888 | D:8      | Reached XP level 11. HP: 46/72 MP: 11/11
 21114 | D:8      | Found a blossoming altar of Fedhas.
 21362 | D:9      | Reached XP level 12. HP: 78/78 MP: 12/12
 21393 | D:9      | Found a roughly hewn altar of Beogh.
 21394 | D:9      | Found a staircase to the Orcish Mines.
 21399 | D:9      | Reached ***** piety under the Shining One
 22287 | D:9      | Found a stormy altar of Qazlal.
 22399 | D:9      | Found an ornate altar of the Wu Jian Council.
 22440 | D:9      | Noticed Maggie
 22455 | D:9      | Killed Maggie
 22853 | D:9      | Reached skill level 1 in Invocations
 22885 | D:9      | Noticed a two-headed ogre
 22915 | D:9      | Killed a two-headed ogre
 22916 | D:9      | Reached skill level 1 in Evocations
 23346 | D:10     | Entered Level 10 of the Dungeon
 24836 | D:10     | Found a staircase to the Lair.
 25476 | D:11     | Found a shimmering altar of Xom.
 26295 | D:11     | Reached skill level 5 in Invocations
 27939 | D:12     | Reached skill level 5 in Dodging
 27949 | D:12     | Reached XP level 13. HP: 55/90 MP: 17/17
 28009 | D:12     | Found a flagged portal.
 28018 | Bailey   | Entered a bailey
 29090 | D:12     | Reached skill level 5 in Fighting
 29202 | D:12     | Noticed a boulder beetle
 29258 | D:12     | Killed a boulder beetle
 29593 | D:12     | Noticed a boulder beetle
 30194 | D:12     | Found a blossoming altar of Fedhas.
 30777 | D:12     | Noticed a four-headed hydra
 30784 | D:12     | Killed a four-headed hydra
 30888 | D:13     | Found a runed translucent door.
 30920 | D:13     | Noticed vvl's ghost (journeyman DsMo)
 30920 | D:13     | Noticed a yaktaur captain
 30935 | D:13     | Reached skill level 5 in Evocations
 32834 | D:12     | Killed a boulder beetle
 33032 | D:4      | Bought a potion of heal wounds for 65 gold pieces
 33032 | D:4      | Bought a potion of brilliance for 52 gold pieces
 33032 | D:4      | Bought 7 poisoned darts for 36 gold pieces
 33099 | D:7      | Bought a wand of paralysis (8) for 130 gold pieces
 33099 | D:7      | Bought a wand of flame (17) for 123 gold pieces
 33099 | D:7      | Bought a wand of polymorph (9) for 143 gold pieces
 34436 | D:14     | Noticed a boulder beetle
 35159 | D:14     | Reached XP level 14. HP: 84/101 MP: 21/21
 35907 | D:14     | Reached skill level 10 in Invocations
 36460 | D:14     | Found a gate to the Vaults.
 36466 | D:14     | Killed from afar by a necromancer

Illustrated notes

Levels and vault maps discovered:
D:1:      lightli_arrival_statue_moat, layout_loops_ring,
          chequers_serial_rivers_room_b
D:2:      layout_basic, nicolae_overflow_hidden_temple,
          grunt_dithmenos_smoke_and_mirrors, uniq_robin, uniq_natasha
D:3:      layout_basic, makhleb_heckhound_becter,
          gammafunk_temple_overflow_statue, grunt_ministairs_4
D:4:      layout_basic, serial_shops, nicolae_shop_window_shopping, shop, shop,
          cheibriados_altar_1, uniq_grinder, uniq_eustachio
D:5:      layout_loops_corners, marbit_many_paths, minmay_temple_entry_mist,
          chequers_jeans, kennysheep_generic_room_6, uniq_prince_ribbit1
D:6:      layout_basic, eino_small_chamber_without_monster, uniq_sigmund
D:7:      gammafunk_steamed_eel, layout_loops_corners, serial_shops,
          nicolae_shop_statue_plus, nicolae_shop_behind_doors,
          kennysheep_mini_moat, chequers_ossuary_entry_cave,
          lightli_church_of_beogh
D:8:      layout_cave_pods, lemuel_crystal_altar, kennysheep_mini,
          serial_gnoll_camp, gnoll_camp_mini_hut, gnoll_camp_mini_hut,
          grums_kennel, gnoll_camp_medium_02
D:9:      layout_irregular_city, nzn_wu_jian_council_hall,
          grunt_qazlal_sundering, david_orc_5, uniq_maggie
D:10:     layout_rooms, david_lair_shrubbed
D:11:     layout_irregular_city, basic_altar, hangedman_little_slice_of_home
D:12:     layout_basic, enter_bailey_8, fedhas_altar_4
D:13:     layout_loops_cross, ebering_ghost_inner_flame, eino_house_with_fridge
D:14:     kennysheep_water_balloons, layout_basic, grunt_vaults_entry_tiered,
          grunt_decor_junction, minmay_lindwurm_lava, uniq_kirke
Temple:   minmay_temple_forest_path

Skill      XL: |  1  2  3  4  5  6  7  8  9 10 11 12 13 14 |
---------------+-------------------------------------------+-----
Long Blades    | 4 5 6 7 9 10 13 14 | 14.0
Throwing       | 6 11 12 | 12.0
Invocations    | 6 9 10 | 10.4
Evocations     | 3 6 |  6.6
Fighting       | 4 6 7 |  7.0
Dodging        | 5 6 7 |  7.4

Action                   |  1- 3 |  4- 6 |  7- 9 | 10-12 | 13-15 || total
-------------------------+-------+-------+-------+-------+-------++-------
Melee: Long sword        |    71 |   204 |   527 |   725 |   767 ||  2294
Throw: Throwing net      |       |     2 |     8 |       |       ||    10
       Dart              |       |       |    20 |     2 |       ||    22
       Boomerang         |       |       |     2 |       |       ||     2
Invok: Cleansing Flame   |       |       |       |     2 |     8 ||    10
       Divine Shield     |       |       |       |     3 |       ||     3
       Summon Divine War |       |       |       |     1 |     1 ||     2
Evoke: Wand              |       |       |     1 |     2 |    13 ||    16
       Phantom mirror    |       |       |       |       |     1 ||     1
  Use: Scroll            |       |       |    16 |    14 |     5 ||    35
       Potion            |       |       |       |     6 |     6 ||    12
 Stab: Sleeping          |     1 |       |       |       |       ||     1
       Held in net/web   |       |     1 |     1 |       |       ||     2
Armor: Leather armour    |    17 |    46 |   181 |   233 |    92 ||   569
       Swamp dragon scal |       |       |       |       |   163 ||   163
Dodge: Dodged            |    55 |   164 |   296 |   380 |   465 ||  1360
Block: Other             |       |       |       |     4 |       ||     4
       Rpst.: Long sword |    15 |    52 |   105 |    93 |   103 ||   368
